Cogmind - Beta 10.1 @@@ ROGUE MODE // 2020.09.29 @ 14:29:15 Player: HOTSOUP Result: Destroyed by S-10 Pest with Light Assault Rifle Performance ------------- Evolutions (1) 500 Regions Visited (3) 600 Robots Destroyed (9) 45 Value Destroyed (203) 203 Prototype IDs (1) 20 Alien Tech Used (0) 0 Bonus (25) 25 TOTAL SCORE: 1393 Bonus ------- Follower Combat Kills 25 Cogmind --------- Core Integrity 0/400 Matter 299/300 Energy 99/100 System Corruption 0% Temperature Cool (0) Movement Core (50) Location -9/Mines Parts ------- > --- POWER (1) -------- (None) > --- PROPULSION (2) --- (None) > --- UTILITY (4) ------ (None) > --- WEAPON (2) ------- (None) > --- INVENTORY (4) ---- Small Storage Unit Weight Redist. System Improved Signal Interpreter Improved Signal Interpreter Peak State ------------ > --- POWER ------------ (None) > --- PROPULSION ------- (None) > --- UTILITY ---------- Improved Signal Interpreter Improved Signal Interpreter > --- WEAPON ----------- Mace > --- INVENTORY -------- Small Storage Unit Improved Signal Interpreter Improved Signal Interpreter [Rating: 6] Favorites ----------- Power None Propulsion None Utility Improved Signal Interpreter Storage Small Storage Unit Processor Improved Signal Interpreter Weapon Mace Energy Gun Improved Medium Laser Special Weapon Mining Laser Impact Weapon Mace Build | -11 -10 -9 -9 ------- Run | Scr Mat Mat Min Slots Evolved 2 | . . 2 . Power . | . . . . Propulsion . | . . . . Utility 2 | . . 2 . Weapon . | . . . . Parts Attached 8 | 1 4 2 1 Power . | . . . . Engine . | . . . . Core . | . . . . Reactor . | . . . . Propulsion . | . . . . Treads . | . . . . Leg . | . . . . Wheel . | . . . . Hover . | . . . . Flight . | . . . . Utility 4 | 1 2 1 . Device . | . . . . Storage 1 | 1 . . . Processor 3 | . 2 1 . Hackware . | . . . . Protection . | . . . . Artifact . | . . . . Weapon 4 | . 2 1 1 Energy Gun 1 | . . 1 . Energy Cannon . | . . . . Ballistic Gun . | . . . . Ballistic Cannon . | . . . . Launcher . | . . . . Special Weapon 1 | . . . 1 Impact Weapon 2 | . 2 . . Slashing Weapon . | . . . . Piercing Weapon . | . . . . Special Melee Weapon . | . . . . Unidentified Prototypes 1 | . . 1 . Parts Lost 5 | . 1 2 2 Power . | . . . . Propulsion . | . . . . Utility 2 | . 1 . 1 Weapon 3 | . . 2 1 Highest Loss Streak 1 | . 1 1 1 Average Slot Usage (%) 17 | . 26 17 11 Processor 11 | . 15 10 10 Impact Weapon 4 | . 10 5 . Naked Turns 47 | . 27 . 20 Heaviest Build 4 | 4 2 3 1 Greatest Support 3 | 3 3 3 3 Greatest Overweight (x) 1 | 1 . . . Average Overweight (x) . | . . . . Largest Inventory Capacity 6 | 6 4 4 4 Average Capacity 4 | 5 4 4 4 Most Carried 4 | 1 3 4 4 Average Carried 3 | . 2 3 4 Final Capacity 4 | 4 4 4 4 Final Carried 4 | 1 3 4 4 Class Distribution -------------------- 100% | Mutant Dominant Class ---------------- Mutant | -10/Materials Mutant | -9/Materials Mutant | -9/Mines Resources | -11 -10 -9 -9 ----------- Run | Scr Mat Mat Min Matter Collected 260 | 210 30 20 . Remotely . | . . . . Salvage Created 342 | . 158 184 . Parts 19 | . 11 8 . Haulers Intercepted 1 | . . 1 . Recyclers Shooed . | . . . . Parts Field Recycled . | . . . . Retrieved Matter . | . . . . Parts Self-Destructed . | . . . . Prevented . | . . . . Kills | -11 -10 -9 -9 ------- Run | Scr Mat Mat Min Combat Hostiles Destroyed 5 | . 2 3 . Melee 3 | . 2 1 . Classes Destroyed 4 | . 3 1 . Worker 2 | . 2 . . Hauler 1 | . . 1 . Operator 1 | . 1 . . Grunt 5 | . 2 3 . Best Kill Streak 3 | . 2 3 . Combat Bots Only 3 | . 2 3 . Max Kills in Single Turn 1 | . 1 1 . Gunslinging . | . . . . Exploded . | . . . . Melee 1 | . 1 1 . Uniques/NPCs Destroyed . | . . . . Combat | -11 -10 -9 -9 -------- Run | Scr Mat Mat Min Damage Taken 709 | . 129 366 214 Core 479 | . 77 230 172 Absorbed by Shields . | . . . . Core Remaining (%) 84 | 100 69 . . Volleys Fired 4 | . . 2 2 Largest 1 | . . 1 1 Hottest 100 | . . 56 100 Shots Fired 4 | . . 2 2 Gun 2 | . . 2 . Cannon . | . . . . Launcher . | . . . . Special 2 | . . . 2 Kinetic . | . . . . Thermal 4 | . . 2 2 Explosive . | . . . . Electromagnetic . | . . . . Robot Hit Streak 3 | . . 2 3 Robot Miss Streak 1 | . . . 1 Penetration Max . | . . . . Secondary Targets . | . . . . Shots Hit Robots 25 | . 10 14 1 Core Hits 7 | . 4 3 . Critical Hits . | . . . . Critical Kills . | . . . . Critical Parts Destroyed . | . . . . Melee Attacks 28 | . 15 13 . Impact 28 | . 15 13 . Slashing . | . . . . Piercing . | . . . . Sneak Attacks 2 | . 2 . . Combat Hostiles . | . . . . Follow-up Attacks . | . . . . Damage Inflicted 694 | . 325 345 24 Guns 32 | . . 32 . Cannons . | . . . . Explosions . | . . . . Melee 631 | . 325 306 . Ramming 7 | . . 7 . Kinetic . | . . . . Thermal 56 | . . 32 24 Explosive . | . . . . Electromagnetic . | . . . . Impact 631 | . 325 306 . Slashing . | . . . . Piercing . | . . . . Highest Corruption . | . . . . Average Corruption . | . . . . Corruption Purged . | . . . . Overload Shots . | . . . . Overflow Damage 54 | . 50 4 . Projectiles . | . . . . Explosions . | . . . . Melee 54 | . 50 4 . Knockbacks 5 | . 2 3 . Impact 4 | . 2 2 . Kinetic . | . . . . Secondary 1 | . . 1 . Self-Inflicted Damage 3 | . . 3 . Shots . | . . . . Rammed 2 | . . 2 . Targets Rammed 2 | . . 2 . Kicked . | . . . . Crushed . | . . . . Highest Temperature 3 | . . . 3 Average Temperature 3 | . . . 3 Received Heat Transfer 246 | . 72 117 57 Siege Activations . | . . . . Robots Corrupted . | . . . . Combat Hostiles . | . . . . Parts Fried 1 | . 1 . . Impact Corruptions 5 | . 2 3 . Robots Melted . | . . . . Combat Hostiles . | . . . . Parts Melted . | . . . . Heat Transferred 124 | . . 74 50 Parts Sabotaged . | . . . . Parts Stolen . | . . . . Parts Stripped . | . . . . Power Chain Reactions . | . . . . Missiles Intercepted . | . . . . Alert | -11 -10 -9 -9 ------- Run | Scr Mat Mat Min Peak Influence 159 | . 77 159 93 Initial 57 | . . 32 57 Average 63 | . 34 100 62 Maximum Alert Level . | . . . . Low Security (%) 100 | 100 100 100 100 Level 1 . | . . . . Level 2 . | . . . . Level 3 . | . . . . Level 4 . | . . . . Level 5 . | . . . . High Security . | . . . . Max Security . | . . . . Squads Dispatched 4 | . 3 1 . Investigation 1 | . 1 . . Extermination . | . . . . Reinforcement 3 | . 2 1 . Assault . | . . . . Garrison . | . . . . Intercept . | . . . . Construction Impeded . | . . . . Haulers Reinforced . | . . . . Stealth | -11 -10 -9 -9 --------- Run | Scr Mat Mat Min Distress Signals 3 | . 2 1 . Communications Jammed . | . . . . Distress Signals . | . . . . Times Spotted 44 | . 14 16 14 Peak Tracking Total 10 | . 5 9 10 Tactical Retreats 10 | . 3 4 3 Traps | -11 -10 -9 -9 ------- Run | Scr Mat Mat Min Traps Triggered 1 | . 1 . . Indirectly . | . . . . Trap Hack Attempts . | . . . . Triggered . | . . . . Disarmed . | . . . . Reprogrammed . | . . . . Reused . | . . . . Traps Extracted . | . . . . Installed . | . . . . Triggered . | . . . . Machines | -11 -10 -9 -9 ---------- Run | Scr Mat Mat Min Machines Disabled . | . . . . Max in Single Turn . | . . . . Machines Sabotaged . | . . . . Garrisons Compromised . | . . . . Overloaded Fab Kills . | . . . . Fab Network Shutdowns . | . . . . Hacking | -11 -10 -9 -9 --------- Run | Scr Mat Mat Min Machines Accessed 2 | . 2 . . Terminals 2 | . 2 . . Fabricators . | . . . . Repair Stations . | . . . . Recycling Units . | . . . . Scanalyzers . | . . . . Garrison Access . | . . . . Total Hacks 9 | . 9 . . Successful 5 | . 5 . . Failed 4 | . 4 . . Catastrophic . | . . . . Database Lockouts . | . . . . Manual 7 | . 7 . . Terminals 9 | . 9 . . Fabricators . | . . . . Repair Stations . | . . . . Recycling Units . | . . . . Scanalyzers . | . . . . Garrison Access . | . . . . Terminal Hacks 3 | . 3 . . Part Schematic 1 | . 1 . . Hauler Manifests 1 | . 1 . . Registered Components 1 | . 1 . . Fabricator Hacks . | . . . . Repair Station Hacks . | . . . . Recycling Unit Hacks . | . . . . Scanalyzer . | . . . . Garrison Access Hacks . | . . . . Unauthorized Hacks 2 | . 2 . . Terminals 2 | . 2 . . Botnet 2 | . 2 . . Fabricators . | . . . . Repair Stations . | . . . . Recycling Units . | . . . . Scanalyzers . | . . . . Garrison Access . | . . . . Data Cores Recovered . | . . . . Used . | . . . . Hacking Detections 2 | . 2 . . Full Trace Events 1 | . 1 . . Feedback Events . | . . . . Feedback Blocked . | . . . . Robot Schematics Acquired . | . . . . Robots Built . | . . . . Matter . | . . . . Time . | . . . . Total Robot Build Rating . | . . . . Part Schematics Acquired 1 | . 1 . . Parts Built . | . . . . Matter . | . . . . Time . | . . . . Total Part Build Rating . | . . . . Parts Repaired . | . . . . Time . | . . . . Parts Recycled . | . . . . Recycled Matter . | . . . . Retrieved Matter . | . . . . Retrieved Components . | . . . . Parts Scanalyzed . | . . . . Part Schematics Acquired . | . . . . Parts Damaged . | . . . . Bothacking | -11 -10 -9 -9 ------------ Run | Scr Mat Mat Min Used RIF Installer . | . . . . Robots Hacked . | . . . . Non-combat . | . . . . Combat . | . . . . Robot Hacks Applied . | . . . . Relay Couplers Released . | . . . . Robots Rewired . | . . . . Allies Hacked . | . . . . Hacks Repelled . | . . . . Allies | -11 -10 -9 -9 -------- Run | Scr Mat Mat Min Total Allies 1 | . . . 1 Largest Group 1 | . . . 1 Highest-Rated Group 31 | . . . 31 Highest-Rated Ally 31 | . . . 31 Total Orders . | . . . . Ally Attacks 14 | . . . 14 Total Damage 152 | . . . 152 Kills 1 | . . . 1 Allies Corrupted . | . . . . Allies Melted . | . . . . Intel | -11 -10 -9 -9 ------- Run | Scr Mat Mat Min Robot Analysis Total . | . . . . Derelict Logs Recovered . | . . . . Drone Launches . | . . . . Drone Recoveries . | . . . . Exploration | -11 -10 -9 -9 ------------- Run | Scr Mat Mat Min Turns Passed 601 | 27 169 181 224 Spaces Moved 838 | 34 229 199 376 Core 838 | 34 229 199 376 Treads . | . . . . Legs . | . . . . Wheels . | . . . . Hover . | . . . . Flight . | . . . . Fastest Speed 50 | 50 50 50 50 Average Speed 50 | 73 50 50 50 Slowest Speed 100 | 100 50 50 50 Overloaded Moves . | . . . . Propulsion Burnouts . | . . . . Robots Hopped . | . . . . Cave-ins Triggered . | . . . . Exploration Rate (%) 37 | 4 49 22 76 Regions Visited 3 Branch Regions 1 Pre-discovered Areas . | . . . . Known Exits Taken 1 | . . 1 . Unknown Exits Taken 2 | 1 1 . . Scrap Searched . | . . . . Spaces Dug 2 | . 2 . . Terrain Destroyed 2 | . 2 . . Melee 2 | . 2 . . Projectile . | . . . . AOE . | . . . . Terrain Rammed . | . . . . Walls Destroyed . | . . . . Machines Disabled . | . . . . Actions | -11 -10 -9 -9 --------- Run | Scr Mat Mat Min Total 955 | 35 258 257 405 Wait 74 | . 9 39 26 Move 835 | 33 228 198 376 Hop . | . . . . Pick Up 3 | . 2 1 . Fast Attach 8 | 1 4 2 1 Attach . | . . . . Detach 1 | 1 . . . Swap . | . . . . Drop . | . . . . Fire 4 | . . 2 2 Melee 28 | . 15 13 . Ram 2 | . . 2 . Kick . | . . . . Crush . | . . . . Escape Stasis . | . . . . Rewire . | . . . . Trap . | . . . . Miscellaneous . | . . . . Route ------- -11/Scrapyard -10/Materials (discovered 2 exits: [*Mat] / [*Min]) -9/Materials -9/Mines (discovered 1 exit: [*Mat]) History --------- Turn | Location | Event 4 | -11/Scrapyard | Discovered new exit (range 15) 28 | -11/Scrapyard | Entered Materials 142 | -10/Materials | Discovered new exit (range 13) 191 | -10/Materials | Discovered new exit (range 14) 197 | -10/Materials | Entered another Materials area 197 | -9/Materials | Evolved 2 slots: Utility x2 301 | -9/Materials | Build established: Mutant 354 | -9/Materials | Discovered new exit (range 13) 359 | -9/Materials | Identified exit to Mines 376 | -9/Materials | Core integrity fell below 50% 378 | -9/Materials | Entered Mines 460 | -9/Mines | Discovered new exit (range 13) 465 | -9/Mines | Received a Mining Laser from a helpful Derelict 575 | -9/Mines | Core integrity fell below 20% 602 | -9/Mines | Destroyed by S-10 Pest with Light Assault Rifle Last Messages --------------- Something is scanning the area. 00460_ EXIT=FOUND 00463_ A derelict emerges from the shadows: "What are you doing alone down here?" 00465_ 6I-K7P(g): "And why aren't you carrying a mining laser?! Certainly you don't want THEM to uncover you when the ceiling comes crashing down? Here, take my spare." 00467_ Acquired Mining Laser. 00468_ 6I-K7P(g): "You're apparently new around these parts, I'll cover you." 00470_ 6I-K7P(g): "Mining lasers are a lot more useful than you might think..." 00489_ G-34 Mercenary destroyed. 00503_ Mining Laser destroyed. 00506_ C-30 ARC bursts open, deploying its payload. 00506_ G-47 Trooper unfolds itself. 00506_ U-05 Engineer lays Concrete. 00514_ 6I-K7P(g) heat short circuits Imp. Heat Sink. 00514_ U-05 Engineer lays Concrete. 00517_ 6I-K7P(g) overheating. 00523_ 6I-K7P(g) destroyed. 00582_ Imp. Signal Interpreter destroyed. 00585_ K-01 Serf collects debris. Map ----- +----------------------------------------------------+ | | | | | | | | | | | | | | | | | | | ?????????????????????????????????????????????????? | | ??????????????????####???????????????????????????? | | ??????????######### ##??????????????????????????? | | ?????????## ## ####???????????????????????? | | ?????????# #########???????????????? | | #####????# ####????????????? | | # ##???## ####### ##???????????? | | ##??## ##?????## k #???????????? | | #### ##??????#s ##??????????? | | ## #??????# #??????????? | | #??????# #??????????? | | #?????##ss #??????????? | | ## #????## t ### ##??????????? | | ?## #????# ####???##???????????? | | ??# ##????# ##???????????????????? | | ??## ######?????## ##????????????????????? | | ???# ##???????????##@ ##????????????????????? | | ???## ##????????????##u ##???????????????????? | | ????## ##????????????# #???????????????????? | | ?##### ##??????????## #???????????????????? | | ?# #??????????# #???????????????????? | | ## ### #??????????# ##???????????????????? | | #?## #????#####?# #????????????????????? | | #??## ##????# ### ##???????????????????? | | ##???#####?????# ## ##??????????????????? | | "" #??????????????## #??????????????????? | | "" #????????####???## #??????????????????? | | "" ##??????## ###??# #### ##??????????????????? | | #??????# #### ##?# ##???????????????????? | | #????# ## ### #????????????????????? | | #???### #????????????????????? | | #?????## #????????????????????? | | # ##?????## """ ### #????????????????????? | | # ##?????## """ ### #????????????????????? | | ## ##?????## """ #????????????????????? | | ??###??????# ## ## #????????????????????? | | ???????????# #### #? ?????????????????????? | | ???????????## #####??? ??????????????????????? | | ????????????####??????? ###?????????????????????? | | ??????????????????????? ##???????????????????????? | | ??????????????????????? #????????????????????????? | +----------------------------------------------------+ Best States ------------- Heat Dissipation 28 Energy Generation 5 Energy Capacity 100 Matter Stores 300 Matter Capacity 300 Sight Range 16 Terrain Scan Density 10 Evasion (%) 50 Item Schematics ----------------- Flight Unit | -10/Materials | Hacked Robot Schematics ------------------ None Fabricated ------------ Nothing Alien Tech Used ----------------- None Achievements -------------- None Challenges ------------ None Game ------ Seed TrackerCloakCharger Manual? 0 Play Time 00:13:07 Cumulative 75.1 hours Start 2020.09.29 @ 14:19:53 End 2020.09.29 @ 14:29:15 Sessions 1 Manual Loads 0 Difficulty Rogue Special Mode None Game No. 97 Rogue 73 Adventurer 22 Explorer 2 Win Type - Total 1 Types 1/0/0/0/0/0/0/0/0 Lore% 43 Gallery% 47 Achievement% 39 Wizard Run 0 Options --------- ASCII 0 Keyboard 0 Movement Numpad Keybinds 0 Fullscreen 1 Font 14/SmallcapsGlow Map View 84x54 Tactical HUD 1 Map Filters NONE Filters NONE Steam 1 RUN: 8c4010f4-5164-4541-a7d8-2f23d1bf5942